 Dungeon Crawl Stone Soup version 0.19-a0-1875-g4fea3da (webtiles) character file.

33 Alarkh the Caller (level 3, -1/24 HPs)
             Began as a Mummy Summoner on Oct 13, 2016.
             Slain by a kobold
             ... wielding a +0 club
              (3 damage)
             ... on level 2 of the Dungeon.
             The game lasted 00:02:29 (1379 turns).

Alarkh the Caller (Mummy Summoner)                  Turns: 1379, Time: 00:02:30

Health: -1/24      AC:  2    Str: 11    XL:     3   Next: 12%
Magic:  3/7        EV: 12    Int: 15    God:
Gold:   95         SH:  0    Dex: 12    Spells: 2 memorised, 3 levels left

rFire  x . .     SeeInvis .     j - +0 spear
rCold  + . .     Gourm    .     a - +0 robe
rNeg   + + +     Faith    .     (no shield)
rPois  ∞         Spirit   .     (no helmet)
rElec  .         Dismiss  .     (no cloak)
rCorr  .         Reflect  .     (no gloves)
MR     .....     Harm     .     (no boots)
Stlth  ++........ Rnd*Tele +    (no amulet)
                                (no ring)
                                k - ring of teleportation (curse)

@: no status effects
A: no food or potions, fire vulnerability, cold resistance 1, negative energy
resistance 3, torment resistance, unbreathing
a: no special abilities


You were on level 2 of the Dungeon.
You were not hungry.

You visited 1 branch of the dungeon, and saw 2 of its levels.

You collected 95 gold pieces.

Inventory:

Hand Weapons
 c - a +0 short sword
 e - a +0 mace
 j - a +0 spear (weapon)
Armour
 a - a +0 robe (worn)
 l - a +0 buckler
Jewellery
 k - a cursed ring of teleportation (left hand)
Scrolls
 d - 3 scrolls of recharging
 f - a scroll of magic mapping {unknown}
 g - a scroll of noise {unknown}
 h - a scroll of fear {unknown}
 i - a scroll of amnesia {unknown}
Books
 b - a book of Callings

   Spells                             Type                      Level
   a - Summon Small Mammal            Summoning                    1
   b - Call Imp                       Summoning                    2
   c - Call Canine Familiar           Summoning                    3
   d - Summon Guardian Golem          Hexes/Summoning              3
   e - Summon Lightning Spire         Summoning/Air                4
   f - Summon Ice Beast               Ice/Summoning                4


   Skills:
 - Level 1.5 Dodging
 - Level 1.5 Stealth
 + Level 2.8 Spellcasting
 + Level 3.6 Summonings


You had 3 spell levels left.
You knew the following spells:

 Your Spells              Type           Power        Failure   Level  Hunger
a - Call Canine Familiar  Summ           ##......     17%         3    N/A
e - Summon Small Mammal   Summ           ##..         6%          1    N/A

Dungeon Overview and Level Annotations

Branches:
Dungeon (2/15)

Altars:

Annotations:
D:2 Sigmund


Innate Abilities, Weirdness & Mutations

You do not eat or drink.
Your flesh is vulnerable to fire.
You are immune to poison.
Your flesh is cold resistant. (rC+)
You are immune to negative energy. (rN+++)
You are immune to unholy pain and torment.
You can survive without breathing.


Message History

Sigmund hits you from afar with a scythe.
* * * LOW HITPOINT WARNING * * *
Your hound bites Sigmund.
Your hound barely misses Sigmund.
Sigmund closely misses your hound.
Your hound closely misses Sigmund.
Your hound bites Sigmund.
Sigmund hits your hound but does no damage.
Your hound barely misses Sigmund.
Your hound bites Sigmund.
Sigmund gestures wildly while chanting.
Sigmund flickers and vanishes!
Deactivating autopickup; reactivate with Ctrl-A.
A kobold comes into view. It is wielding a club.
Something closely misses your hound.
The kobold moves out of view.
Your hound disappears in a puff of smoke!
The kobold shouts!
There is an open door here.
The kobold throws a stone.
The stone barely misses you.
The kobold throws a stone.
The stone closely misses you. The kobold hits you with a club.
You die...

.!.#@#.##...................#
#()..#..#...................#
#(####......................#
#.@....##...................#
####@####...................#
...h.# #...................#
###### ####................#
############...K............#
...§.......'....@..!......#.#
############(.....#########.#
###########################.#
............................#
#############################


You could see a kobold.

Vanquished Creatures
  A worm (D:2)
  A dart slug (D:1)
  A giant cockroach (D:1)
  2 goblins (D:2)
  6 hobgoblins
  3 bats
  2 frilled lizards
  6 kobolds
  A rat (D:1)
23 creatures vanquished.

Vanquished Creatures (collateral kills)
  An ooze (D:1)
  2 kobolds
  A bat (D:1)
  A frilled lizard (D:2)
  2 rats (D:1)
7 creatures vanquished.

Grand Total: 30 creatures vanquished

Notes
Turn   | Place    | Note
-------+----------+-------------------------------------------
     0 | D:1      | Alarkh the Mummy Summoner began the quest for the Orb.
     0 | D:1      | Reached XP level 1. HP: 13/13 MP: 3/3
   520 | D:1      | Reached XP level 2. HP: 15/19 MP: 3/5
  1308 | D:2      | Reached XP level 3. HP: 17/24 MP: 7/7
  1313 | D:2      | Learned a level 3 spell: Call Canine Familiar
  1333 | D:2      | Noticed Sigmund
  1356 | D:2      | HP: 1/24 [Sigmund/scythe (5)]
  1379 | D:2      | Slain by a kobold

Vault maps used:
D:1:      sevenhm_arrival_forest_fort_small_6
D:2:      first_bread, minmay_heptomino_l4, uniq_sigmund, uniq_jessica

Action                   || total
-------------------------++-------
Melee: Unarmed           ||    16
       Short sword       ||     2
       Spear             ||    58
       Mace              ||    14
 Cast: Summon Small Mamm ||    23
       Call Canine Famil ||     3
  Use: Scroll            ||     1
 Stab: Sleeping          ||     2
Armor: Robe              ||    22
Dodge: Dodged            ||    53
